 Dungeon Sprint DCSS version 0.30-a0-1163-gf69bf04e7a (webtiles) character file.

Game seed: 3867484248404803313

861 sircluck the Unseen (level 8, -4/72 HPs)
             Began as a Kobold Brigand on Apr 28, 2023.
             Was a High Priest of Dithmenos.
             Slain by a tyrant leech (25 damage)
             ... in the Dungeon (Sprint VII: "The Pits").
             The game lasted 00:02:26 (474 turns).

sircluck the Unseen (Kobold Brigand)                 Turns: 474, Time: 00:02:26

Health: -4/72      AC:  3    Str:  8    XL:     8   Next: 22%
Magic:  8/8        EV: 17    Int: 13    God:    Dithmenos [*****.]
Gold:   0          SH:  0    Dex: 18    Spells: 7/7 levels left

rFire   . . .        q - +3 dagger (drain)
rCold   . . .        (no shield)
rNeg    . . .        b - +0 robe
rPois   .            (no helmet)
rElec   .            c - +0 cloak
rCorr   .            (no gloves)
SInv    .            (no boots)
Will    .....        (no amulet) Stlth
                     (no ring)
HPRegen 0.32/turn    (no ring)
MPRegen 0.11/turn

%: no teleportation
@: berserking, wreathed by umbra, very quick
A: small, no large weapons, nightstalker 3
a: Renounce Religion, Shadow Step, Shadow Form


You were in the Dungeon.
You worshipped Dithmenos.
Dithmenos was extremely pleased with you.
You visited 1 branch

Inventory:

Hand Weapons
 a - a +2 dagger
 l - a +2 dagger
 q - a +3 dagger of draining (weapon)
Missiles
 d - 8 poisoned darts (quivered)
 e - 3 curare-tipped darts
 p - 10 stones
Armour
 b - a +0 robe (worn)
 c - a +0 cloak (worn)
 r - a +3 scale mail
Wands
 s - a wand of digging (5)
Scrolls
 k - a scroll of blinking
 n - 5 scrolls of amnesia
Potions
 f - 6 potions of curing
 g - 5 potions of heal wounds
 h - a potion of haste
 i - 4 potions of magic
 j - a potion of berserk rage
 m - 2 potions of invisibility


   Skills:
 + Level 4.9 Fighting
 + Level 7.5 Short Blades
 + Level 4.9 Throwing
 + Level 5.0 Dodging
 + Level 20.2 Stealth


You had 7 spell levels left.
You didn't know any spells.
Your spell library was empty.

Dungeon Overview and Level Annotations

Branches:
Dungeon (1/1)

Altars:
Ashenzari
Cheibriados
Dithmenos
Elyvilon
Fedhas
Gozag
Hepliaklqana
Kikubaaqudgha
Makhleb
Nemelex Xobeh
Okawaru
Qazlal
Ru
Sif Muna
Trog
Uskayaw
Vehumet
Wu Jian
Xom
Yredelemnul
Zin
The Shining One
Jiyva
Lugonu


Innate Abilities, Weirdness & Mutations

You are small and have problems with some larger weapons.
You are completely attuned to the shadows.


Message History

Press: ? - help, Q - select action, (/) - cycle Dir - look around, f - activate Look: a tyrant leech (umbra)
As you read the scroll of summoning, it crumbles to dust.
Wisps of shadow whirl around you...
Unknown command.
You hit the tyrant leech but do no damage.
You drain the tyrant leech.
The tyrant leech is lightly wounded.
Your shadow hits the tyrant leech with a dagger.
The tyrant leech bites you!
The tyrant leech draws strength from your injuries!
You hit the tyrant leech but do no damage.
You drain the tyrant leech.
The tyrant leech is lightly wounded.
Your shadow hits the tyrant leech with a dagger.
Your small abomination barely misses the tyrant leech.
The tyrant leech bites you!!
Ouch! That really hurt!
* * * LOW HITPOINT WARNING * * *
You emit a cloud of dark smoke.
The tyrant leech draws strength from your injuries!
Your small abomination barely misses the tyrant leech.
Your small abomination hits the tyrant leech!
There is an open door here.
Things that are here:
a +0 mace; an orc corpse
Things that are here:
a +0 scythe; a +0 robe You feel much better.
The tyrant leech bites you!!
Ouch! That really hurt!
* * * LOW HITPOINT WARNING * * *
You emit a cloud of dark smoke.
The tyrant leech draws strength from your injuries!
A red film seems to cover your vision as you go berserk!
You feel yourself moving faster!
You feel mighty!
Your small abomination hits the tyrant leech!
You puncture the tyrant leech!
The tyrant leech is moderately wounded.
The tyrant leech bites you!!
You die...

#.#..#...#.#####'#####++###
#.#..#####.##.......#
#.#..'...#.##.......#
#.#..'...'.##.......#
#.#..########...<...#
#.#..'[.)).##.......#
#.#†.#.))).##.......#
#'###########.......#
#.......#§@##########
#..#.#..#w#####
#.##.##.#x#..l.
#.......#§#....
#.##.##.#x§(..4
#..#†#..#§#§...
#.......§)#....
###############


You could see a tyrant leech (drained, ally target) and a friendly small
abomination (summoned).

Vanquished Creatures
  A snapping turtle (D)
  Sigmund (D)
  A floating eye (D)
  A phantom (D)
  A bullfrog (D)
  3 scorpions (D)
  A wight (D)
  A mummy (D)
  2 white imps (D)
  2 ufetubi (D)
  An orc (D)
  A giant cockroach (D)
  A hobgoblin (D)
  4 jackals (D)
  A jackal zombie (D)
  A kobold (D)
  A rat (D)
24 creatures vanquished.

Notes
Turn   | Place    | Note
-------+----------+-------------------------------------------
     0 | D        | sircluck the Kobold Brigand began the quest for the Orb.
     0 | D        | Reached XP level 1. HP: 12/12 MP: 1/1
    38 | D        | Reached skill level 6 in Stealth
    41 | D        | Found a bloodstained altar of Trog.
    41 | D        | Found a shimmering blue altar of Sif Muna.
    41 | D        | Found a viscous altar of Jiyva.
    41 | D        | Found a hazy altar of Hepliaklqana.
    41 | D        | Found an opulent altar of Gozag.
    42 | D        | Found a glowing golden altar of the Shining One.
    42 | D        | Found a glowing silver altar of Zin.
    42 | D        | Found a sacrificial altar of Ru.
    42 | D        | Found a stormy altar of Qazlal.
    42 | D        | Found a blossoming altar of Fedhas.
    44 | D        | Found a basalt altar of Yredelemnul.
    44 | D        | Found an iron altar of Okawaru.
    44 | D        | Found a white marble altar of Elyvilon.
    45 | D        | Found a shimmering altar of Xom.
    45 | D        | Found a sparkling altar of Nemelex Xobeh.
    45 | D        | Found a shadowy altar of Dithmenos.
    47 | D        | Found a burning altar of Makhleb.
    47 | D        | Found an ornate altar of the Wu Jian Council.
    47 | D        | Found a snail-covered altar of Cheibriados.
    49 | D        | Found a corrupted altar of Lugonu.
    49 | D        | Found a radiant altar of Vehumet.
    50 | D        | Found a broken altar of Ashenzari.
    50 | D        | Found an ancient bone altar of Kikubaaqudgha.
    50 | D        | Found a hide-covered altar of Uskayaw.
    54 | D        | Became a worshipper of Dithmenos the Shadowed
   120 | D        | Reached * piety under Dithmenos
   121 | D        | Reached skill level 7 in Stealth
   121 | D        | Reached XP level 2. HP: 18/18 MP: 2/2
   125 | D        | Noticed a scorpion
   143 | D        | Killed a scorpion
   144 | D        | Reached skill level 10 in Stealth
   144 | D        | Reached XP level 3. HP: 13/23 MP: 3/3
   144 | D        | Reached XP level 4. HP: 16/28 MP: 4/4
   209 | D        | Noticed a scorpion
   209 | D        | Noticed a scorpion
   216 | D        | Killed a scorpion
   216 | D        | Reached ** piety under Dithmenos
   217 | D        | Reached skill level 12 in Stealth
   217 | D        | Reached XP level 5. HP: 32/32 MP: 5/5
   218 | D        | Reached skill level 5 in Short Blades
   218 | D        | Reached skill level 13 in Stealth
   246 | D        | Reached skill level 14 in Stealth
   246 | D        | Reached XP level 6. HP: 38/38 MP: 6/6
   281 | D        | Reached skill level 15 in Stealth
   282 | D        | Reached *** piety under Dithmenos
   283 | D        | Reached skill level 16 in Stealth
   297 | D        | Reached **** piety under Dithmenos
   307 | D        | Reached XP level 7. HP: 43/43 MP: 7/7
   315 | D        | Reached skill level 17 in Stealth
   316 | D        | Noticed a snapping turtle
   318 | D        | Killed a snapping turtle
   318 | D        | Reached ***** piety under Dithmenos
   319 | D        | Reached skill level 18 in Stealth
   320 | D        | Noticed Sigmund
   333 | D        | Paralysed by a floating eye for 4 turns
   339 | D        | Killed Sigmund
   340 | D        | Reached skill level 19 in Stealth
   340 | D        | Reached XP level 8. HP: 15/48 MP: 8/8
   345 | D        | Reached skill level 5 in Dodging
   345 | D        | Reached skill level 20 in Stealth
   461 | D        | Noticed a tyrant leech
   462 | D        | Noticed an orange demon
   474 | D        | Slain by a tyrant leech

Illustrated notes

Levels and vault maps discovered:
D:        pitsprint [storerooms_1, entrance_room_1, metal_vault_6, armoury_1,
          mini_pit_1, grid_room_1, main_hall_1, silver_pit, the_coven_1,
          the_vestibule_1, steel_vault_2, golden_pit, hallway_of_sentries,
          crystal_vault_1, iron_vault_2, final_vault]

Skill      XL: |  1  2  3  4  5  6  7  8 |
---------------+-------------------------+-----
Stealth        | 7 10 12 14 16 19 20 | 20.2
Short Blades   | 3 4 5 6 7 |  7.5
Fighting       | 3 4 |  4.9
Throwing       | 3 4 |  4.9
Dodging        | 2 3 4 5 |  5.0

Action                     |  1- 3 |  4- 6 |  7- 9 || total
---------------------------+-------+-------+-------++-------
  Melee: Dagger            |    19 |    12 |    21 ||    52
  Throw: Dart              |     1 |       |     1 ||     2
    Use: Potion            |     1 |       |     2 ||     3
         Scroll            |       |       |     1 ||     1
   Stab: Sleeping          |     3 |    12 |     3 ||    18
  Dodge: Dodged            |    16 |       |     5 ||    21

Table legend: (Time is in decaauts)
 A = Elapsed time spent in this place.
 B = Non-inter-level travel time spent in this place.
 C = Inter-level travel time spent in this place.
 D = Time resting spent in this place.
 E = Time spent auto-exploring this place.
 F = Levels seen in this place.
 G = Mean time per level.
                   A        B        C        D        E       F      G
               +--------+--------+--------+--------+--------+-----+--------+
         Total |    467 |    416 |     51 |    178 |     29 |   1 |  467.0 |
       Dungeon |    467 |    416 |     51 |    178 |     29 |   1 |  467.0 |
               +--------+--------+--------+--------+--------+-----+--------+

Top non-repeatable levels by time:
       D: 467 daAuts
